Map: Babylon LE

Players

BLCK - Winner!

  • Race: Protoss Protoss
  • League: Gold
  • Spawn Location: 5:00

winzboy

  • Race: Protoss Protoss
  • Spawn Location: 11:00

VOD

Have the link to the VOD?

Description

Time

  • Played on: May 20, 2023, 5 a.m.
  • Length: 15:52
Show
View Real Time Build Order
Export as new Build Order

BLCK Protoss - Winner!

Build Orders: Oracle Opening 

Get SALT Encoding   

  12  0:00  Probe  
  13  0:12  Probe  
  14  0:24  Pylon  
  14  0:25  Probe  
  15  0:42  Probe  
  16  0:44  Gateway  
  16  0:48  Assimilator  
  16  0:54  Probe (Chrono Boost)  
  17  1:06  Probe (Chrono Boost)  
  17  1:10  Assimilator  
  17  1:11  Probe (Chrono Boost)  
  19  1:21  Probe, Gateway  
  20  1:32  Cybernetics Core  
  20  1:35  Probe  
  21  1:47  Probe  
  21  1:48  Pylon  
  22  1:57  Pylon  
  22  2:01  Probe  
  23  2:10  Adept x2 (Chrono Boost)  
  27  2:23  Warp Gate  
  27  2:27  Stargate  
  26  3:00  Stalker  
  28  3:06  Nexus  
  28  3:44  Pylon  
  26  3:50  Oracle  
  26  3:55  Stalker  
  31  3:56  Pylon  
  31  4:02  Stalker  
  31  4:18  Probe  
  31  4:21  Shield Battery  
  31  4:22  Probe  
  33  4:24  Oracle (Chrono Boost)  
  33  4:30  Probe  
  37  4:34  Probe (Chrono Boost), Pylon  
  39  4:46  Probe (Chrono Boost)  
  39  4:47  Probe (Chrono Boost)  
  40  4:54  Probe (Chrono Boost)  
  40  4:55  Twilight Council  
  40  4:57  Probe (Chrono Boost)  
  42  5:00  Probe  
  42  5:02  Stalker  
  42  5:03  Sentry  
  48  5:07  Probe  
  48  5:10  Robotics Facility  
  48  5:13  Probe  
  49  5:23  Forge  
  49  5:26  Probe  
  49  5:27  Forge  
  50  5:39  Probe  
  51  5:56  Probe  
  52  5:59  Assimilator  
  52  6:03  Immortal, Assimilator  
  56  6:05  Blink (Chrono Boost), Protoss Ground Weapons Level 1  
  56  6:08  Probe  
  56  6:10  Protoss Ground Armor Level 1  
  57  6:15  Pylon  
  57  6:22  Gateway  
  57  6:27  Probe  
  57  6:30  Probe, Pylon  
  59  6:39  Probe  
  60  6:42  Probe  
  62  6:47  Nexus, Observer  
  62  6:50  Stalker  
  62  6:51  Stalker  
  66  6:54  Probe  
  66  6:58  Pylon  
  67  7:22  Gateway  
  67  7:27  Probe, Pylon  
  68  7:31  Templar Archives  
  68  7:37  Warp Prism  
  68  7:39  Probe  
  71  7:56  Probe  
  72  7:58  Charge  
  72  8:02  Probe, Shield Battery  
  72  8:03  Nexus, Photon Cannon  
  73  8:08  Probe  
  74  8:14  Probe  
  75  8:20  Probe  
  75  8:26  Probe  
  77  8:30  Pylon  
  77  8:32  Probe  
  77  8:33  Immortal  
  82  8:38  Robotics Facility  
  82  8:43  Protoss Ground Weapons Level 2  
  82  8:44  Protoss Shields Level 1, Probe  
  83  8:49  Gateway  
  83  8:53  Gateway  
  83  8:55  Gateway  
  83  8:59  Gateway  
  83  9:00  Probe  
  83  9:02  Assimilator  
  84  9:06  Pylon  
  84  9:07  Pylon  
  84  9:12  Probe  
  85  9:24  Probe  
  83  9:33  Probe  
  83  9:35  Gateway  
  84  9:38  Probe  
  84  9:40  Pylon  
  84  9:42  Assimilator  
  84  9:45  Probe  
  86  9:48  Pylon  
  86  9:50  Probe  
  87  9:55  Immortal x2  
  87  9:57  Probe  
  87  9:59  Robotics Bay  
  96  10:03  Probe  
  97  10:08  Pylon  
  97  10:09  Probe  
  98  10:17  Probe  
  99  10:21  Probe  
  100  10:29  Probe  
  100  10:31  Stargate x2  
  101  10:53  Probe (Chrono Boost)  
  101  10:56  Probe (Chrono Boost)  
  103  11:02  Immortal  
  103  11:03  Probe (Chrono Boost), Protoss Shields Level 2 (Chrono Boost)  
  109  11:05  Extended Thermal Lance  
  109  11:06  Probe (Chrono Boost)  
  109  11:08  Probe (Chrono Boost)  
  109  11:10  Fleet Beacon  
  110  11:16  Probe  
  111  11:18  Assimilator  
  111  11:22  Stalker x3  
  111  11:23  Stalker x2  
  121  11:31  Psionic Storm  
  121  11:40  Dark Shrine  
  121  11:47  Protoss Ground Weapons Level 3 (Chrono Boost)  
  121  11:53  Gateway, Observer  
  122  11:55  Gateway  
  122  11:57  Zealot  
  122  11:58  Zealot x2  
  122  11:59  Zealot  
  122  12:01  Protoss Air Weapons Level 1  
  130  12:08  Photon Cannon, Shield Battery  
  130  12:10  Assimilator  
  130  12:15  Gateway  
  130  12:38  Zealot x3  
  130  12:39  Zealot x3  
  140  12:48  Zealot x2  
  132  13:24  Carrier x2  
  132  13:26  Carrier  
  150  13:30  Cybernetics Core  
  146  13:53  Nexus  
  146  13:54  Probe (Chrono Boost)  
  147  13:59  Shadow Stride  
  148  14:03  Probe (Chrono Boost)  
  148  14:08  Probe (Chrono Boost)  
  149  14:20  Probe  
  142  14:29  Carrier  
  142  14:30  Carrier  
  150  14:37  Dark Templar  
  150  14:38  Dark Templar x3  
  154  15:15  Pylon  
  172  15:46  Photon Cannon  
  172  15:47  Photon Cannon  
  172  15:49  Pylon  
Show
View Real Time Build Order
Export as new Build Order

winzboy Protoss 

Build Orders:  

Get SALT Encoding   

  12  0:01  Probe  
  13  0:18  Probe (Chrono Boost)  
  14  0:25  Pylon  
  14  0:33  Probe (Chrono Boost)  
  15  0:45  Gateway  
  15  0:47  Probe  
  16  0:52  Assimilator  
  16  0:59  Probe  
  16  1:03  Assimilator  
  17  1:11  Probe  
  17  1:16  Gateway  
  18  1:23  Probe  
  19  1:36  Probe  
  20  1:40  Cybernetics Core  
  20  1:48  Probe  
  21  1:56  Pylon  
  21  2:00  Probe  
  22  2:12  Probe  
  23  2:16  Warp Gate (Chrono Boost)  
  23  2:17  Stalker  
  25  2:24  Stalker  
  25  2:25  Probe  
  27  2:47  Stalker  
  29  2:54  Stalker  
  31  3:09  Pylon  
  31  3:12  Probe  
  25  3:39  Stalker  
  27  3:52  Probe (Chrono Boost)  
  28  4:01  Probe (Chrono Boost)  
  29  4:06  Probe (Chrono Boost)  
  26  4:18  Probe  
  27  4:30  Probe (Chrono Boost)  
  28  4:35  Nexus  
  28  4:41  Probe (Chrono Boost)  
  29  4:47  Probe (Chrono Boost)  
  30  4:56  Robotics Facility  
  30  5:00  Pylon  
  30  5:11  Stalker  
  32  5:15  Probe  
  33  5:27  Probe  
  34  5:39  Gateway  
  26  5:50  Stalker  
  28  5:57  Probe (Chrono Boost)  
  30  6:07  Probe (Chrono Boost)  
  30  6:08  Probe (Chrono Boost)  
  31  6:12  Probe (Chrono Boost)  
  31  6:14  Probe  
  33  6:24  Probe  
  34  6:26  Probe (Chrono Boost)  
  35  6:38  Probe (Chrono Boost)  
  37  6:41  Probe (Chrono Boost)  
  37  6:49  Probe (Chrono Boost)  
  37  6:54  Twilight Council  
  38  6:58  Forge  
  38  7:00  Probe  
  33  7:12  Stalker  
  33  7:13  Stalker  
  31  7:17  Probe  
  32  7:29  Probe  
  33  7:41  Probe  
  33  7:44  Stalker  
  36  7:48  Charge  
  36  8:05  Probe (Chrono Boost)  
  37  8:06  Probe (Chrono Boost)  
  37  8:09  Templar Archives  
  38  8:22  Probe (Chrono Boost)  
  38  8:23  Probe (Chrono Boost)  
  40  8:35  Probe (Chrono Boost)  
  40  8:36  Probe (Chrono Boost)  
  42  8:42  Stalker  
  42  8:43  Probe (Chrono Boost)  
  45  8:49  Probe  
  46  8:59  Immortal  
  46  9:01  Probe (Chrono Boost)  
  51  9:04  Protoss Ground Weapons Level 1  
  51  9:13  Probe (Chrono Boost)  
  53  9:18  Probe (Chrono Boost)  
  53  9:20  Probe (Chrono Boost)  
  54  9:24  Probe  
  54  9:28  Probe  
  56  9:33  Pylon  
  56  9:36  Probe  
  57  9:40  Probe, Stalker  
  57  9:44  Stalker  
  62  9:51  Probe, Pylon  
  62  9:52  Probe  
  64  10:03  Probe  
  64  10:04  Probe  
  66  10:15  Probe  
  66  10:16  Probe  
  66  10:18  Pylon  
  68  10:21  Assimilator  
  68  10:23  Assimilator  
  68  10:25  Zealot  
  68  10:28  Probe x2  
  72  10:40  Probe  
  73  10:43  Pylon  
  73  10:48  Gateway  
  73  10:50  Gateway  
  73  10:53  Gateway  
  73  11:00  Robotics Facility  
  73  11:05  High Templar  
  73  11:06  High Templar x2  
  79  11:15  Archon  
  79  11:20  Probe (Chrono Boost)  
  80  11:27  Pylon  
  80  11:28  Pylon  
  80  11:31  Probe (Chrono Boost)  
  81  11:35  Probe (Chrono Boost), Gateway  
  81  11:38  Gateway  
  82  11:41  Pylon  
  82  11:42  Probe  
  82  11:47  Probe  
  84  11:48  High Templar x2  
  89  11:54  Probe  
  89  11:59  Probe  
  90  12:06  Probe  
  91  12:11  Probe  
  92  12:18  Archon  
  92  12:31  Nexus  
  92  12:33  Assimilator  
  92  12:36  High Templar  
  93  12:37  High Templar, Assimilator  
  93  12:39  Pylon  
  93  12:42  High Templar, Pylon  
  93  12:43  Zealot x2  
  96  12:44  Zealot  
  96  12:45  Pylon  
  55  13:08  Archon  
  44  13:20  Zealot x2  
  44  13:21  Zealot x2  
  44  13:22  Zealot  
  44  13:26  Probe  
  55  13:37  Probe  
  55  13:38  Probe  
  57  13:49  Probe  
  57  13:50  Probe  
  59  13:59  Probe (Chrono Boost)  
  60  14:07  Probe (Chrono Boost)  
  61  14:11  Probe (Chrono Boost)  
  61  14:12  High Templar  
  60  14:17  Probe (Chrono Boost)  
  43  14:41  Probe x2 (Chrono Boost)  
  43  14:44  Archon  
  45  14:53  Probe (Chrono Boost)  
  23  15:15  Stalker  
  23  15:19  Probe  
  26  15:31  Probe  
  26  15:34  Probe  
Tags
 
League
Gold
Matchup
PvP
Replay Pack
Multiplayer
Spawn Locations
Cross Positions
Add a new tag
Caveats
  • Supply blocks, unpowered buildings, or Contaminate may cause inaccurate times.
  • Supply counts are checked every 10 seconds.